 Dungeon Crawl Stone Soup version 0.16.0-16-g311141a (console) character file.

241 gw the Slasher (level 5, 0/42 HPs)
             Began as a Demonspawn Fighter on Mar 19, 2015.
             Was an Initiate of Qazlal.
             Slain by sanddemon's ghost (4 damage)
             ... on level 4 of the Dungeon.
             The game lasted 00:04:26 (4112 turns).

gw the Slasher (Demonspawn Fighter)                 Turns: 4112, Time: 00:04:26

Health: 0/42       AC: 10    Str: 17    XL:     5   Next: 80%
Magic:  5/5        EV:  6    Int:  9    God:    Qazlal [......]
Gold:   155        SH:  9    Dex: 13    Spells: 0 memorised, 4 levels left

rFire  . . .     SeeInvis .     a - +0 long sword
rCold  + . .     Clarity  .     g - +0 chain mail
rNeg   . . .     SustAb   .     c - +0 shield
rPois  .         Gourm    .     (helmet restricted)
rElec  .         Spirit   .     m - +0 cloak
rCorr  .         Warding  .     (no gloves)
rMut   .         Stasis   .     (no boots)
MR     .....                    (no amulet)
Stlth  ..........               (no ring)
                                k - ring of protection from cold

@: not resistant to hostile enchantments, extremely unstealthy
A: antennae 1, repulsion field 1, rot immunity
a: Renounce Religion


You were on level 4 of the Dungeon.
You worshipped Qazlal.
Qazlal was noncommittal.
You were not hungry.

You visited 1 branch of the dungeon, and saw 4 of its levels.

You collected 155 gold pieces.

Inventory:

Hand weapons
 a - a +0 long sword (weapon)
Missiles
 f - 65 stones
 l - 41 poisoned needles
 q - a tomahawk (quivered)
Armour
 c - a +0 shield (worn)
 g - a +0 chain mail (worn)
 m - a +0 cloak (worn)
Jewellery
 k - a ring of protection from cold (left hand)
Scrolls
 e - 2 scrolls of identify
 j - 3 scrolls of remove curse
 n - a scroll of blinking
Potions
 b - a potion of agility {unknown}
 h - 2 potions of curing
Comestibles
 d - 3 bread rations
 i - a beef jerky
 r - a fruit


   Skills:
 + Level 3.8 Fighting
 + Level 3.8 Long Blades
 + Level 1.3 Throwing
 + Level 3.4 Armour
 + Level 3.3 Shields
 * Level 0.0 Invocations


You had 4 spell levels left.
You didn't know any spells.

Dungeon Overview and Level Annotations

Branches:
Dungeon (4/15)
 Temple: D:4-7

Altars:
Ashenzari
Okawaru
Qazlal
Zin

Annotations:
D:4 sanddemon's ghost, average HEWr


Innate Abilities, Weirdness & Mutations

You have a pair of small antennae on your head.
You are surrounded by a mild repulsion field (EV +2).
You are immune to rotting.


Message History

Unknown command.
Unknown command.
Unknown command.
ATTACK MOVE TO (1,-1)
You barely miss sanddemon's ghost.
Sanddemon's ghost is moderately damaged.
You block the giant cockroach's attack.
Sanddemon's ghost hits you but does no damage.
The giant cockroach bites you but does no damage.
Sanddemon's ghost hits you but does no damage.
Unknown command.
Unknown command.
Unknown command.
Unknown command.
ATTACK MOVE TO (1,-1)
You hit sanddemon's ghost!
Sanddemon's ghost's shroud falls apart!
Sanddemon's ghost is severely damaged.
The giant cockroach bites you but does no damage.
Sanddemon's ghost hits you.
You die...

### #..
####(#########
#............#
#..(.........#
#...(..W.....#
#.....6s.....#
#............#
####'######### #.#
#.# #.# #.# #.#
#.##################


You could see sanddemon's ghost and a giant cockroach.

Table legend:
 A = Turns spent in this place as a percentage of turns spent in the entire game.
 B = Non-inter-level travel turns spent in this place as a percentage of non-inter-level travel turns spent in the entire game.
 C = Inter-level travel turns spent in this place as a percentage of turns spent in this place.
 D = Turns resting spent in this place as a percentage of non-inter-level travel turns spent in this place.
 E = Turns spent auto-exploring this place as a percentage of non-inter-level travel turns spent in this place.
 F = Non-inter-level travel turns spent in this place divided by the number of levels of this place that you've seen.
                   A       B       C       D       E      F
               +-------+-------+-------+-------+-------+----------------------
         Total | 100.0 | 100.0 |   0.5 |   1.2 |   2.4 | 1507.5
       Dungeon | 100.0 | 100.0 |   0.5 |   1.2 |   2.4 | 1507.5
               +-------+-------+-------+-------+-------+----------------------

Table legend:
 A = Kills in this place as a percentage of kills in entire the game.
 B = Kills by you in this place as a percentage of kills by you in the entire game.
 C = Kills by friends in this place as a percentage of kills by friends in the entire game.
 D = Other kills in this place as a percentage of other kills in the entire game.
 E = Experience gained in this place as a percentage of experience gained in the entire game.
 F = Experience gained in this place divided by the number of levels of this place that you have seen.
                   A       B       C       D       E      F
               +-------+-------+-------+-------+-------+----------------------
         Total | 100.0 | 100.0 |  -nan |  -nan | 100.0 |  86.2
       Dungeon | 100.0 | 100.0 |  -nan |  -nan | 100.0 |  86.2
               +-------+-------+-------+-------+-------+----------------------

Vanquished Creatures
  A giant frog (D:3)
  Crazy Yiuf (D:2)
  5 adders
  A giant mite (D:2)
  2 worms
  An ooze (D:2)
  10 bats
  A bat skeleton (D:3)
  4 giant cockroaches
  10 hobgoblins
  6 jackals (D:3)
  6 giant geckos
  4 giant newts
  9 goblins
  10 kobolds
  15 rats
86 creatures vanquished.

Notes
Turn   | Place    | Note
--------------------------------------------------------------
     0 | D:1      | gw, the Demonspawn Fighter, began the quest for the Orb.
     0 | D:1      | Reached XP level 1. HP: 18/18 MP: 1/1
   278 | D:1      | Gained mutation: You have a pair of small antennae on your head. [demonic ancestry]
   278 | D:1      | Reached XP level 2. HP: 18/24 MP: 2/2
  1024 | D:2      | Gained mutation: You are surrounded by a mild repulsion field (EV +2). [demonic ancestry]
  1024 | D:2      | Reached XP level 3. HP: 26/29 MP: 3/3
  1629 | D:2      | Noticed Crazy Yiuf
  1636 | D:2      | Killed Crazy Yiuf
  1636 | D:2      | Reached XP level 4. HP: 18/35 MP: 0/4
  2112 | D:2      | Reached skill level 1 in Throwing
  2934 | D:3      | Noticed a giant frog
  2946 | D:3      | Killed a giant frog
  2946 | D:3      | Gained mutation: You are immune to rotting. [demonic ancestry]
  2946 | D:3      | Reached XP level 5. HP: 31/41 MP: 5/5
  3635 | D:3      | Found a stormy altar of Qazlal.
  3643 | D:3      | Became a worshipper of Qazlal Stormbringer
  3738 | D:3      | Found a glowing silver altar of Zin.
  3740 | D:3      | Found a shattered altar of Ashenzari.
  3749 | D:3      | Found an iron altar of Okawaru.
  4093 | D:4      | Noticed sanddemon's ghost (average HEWr)
  4112 | D:4      | Slain by sanddemon's ghost

Action                   |  1- 3 |  4- 6 || total
-------------------------+-------+-------++-------
Melee: Long sword        |   117 |   126 ||   243
Throw: Stone             |    96 |    63 ||   159
       Tomahawk          |       |    19 ||    19
  Use: Scroll            |     4 |     4 ||     8
       Potion            |     2 |     1 ||     3
  Eat: Chunk             |     2 |     8 ||    10

Vault maps used:
D:1:      zaba_arrival_water
D:2:      grunt_ministairs_11, uniq_crazy_yiuf_cottage
D:3:      lemuel_coloured_pillars_altar, minitemple, first_bread,
          hangedman_feature_mirror
D:4:      okawaru_ov_weapons_minmay
